 Dungeon Crawl Stone Soup version 0.30-a0-972-gf3ab3527aa (webtiles) character file.

Game seed: 16518750749482304091

3488 CowFu the Grappler (level 9, -9/78 HPs)
             Began as a Purple Draconian Transmuter on Mar 31, 2023.
             Was a Priest of Ru.
             Mangled by a wyvern (10 damage)
             ... on level 8 of the Dungeon.
             The game lasted 00:10:58 (7442 turns).

CowFu the Grappler (Purple Draconian Transmuter)    Turns: 7442, Time: 00:10:58

Health: -9/78      AC:  9    Str: 16    XL:     9   Next: 80%
Magic:  16/16      EV: 12    Int: 15    God:    Ru [***...]
Gold:   479        SH:  5    Dex: 11    Spells: 13/18 levels left

rFire   . . .      SeeInvis .      - Unarmed
rCold   . . .      Faith    .    (no shield)
rNeg    . . .      Spirit   .    (body armour unavailable)
rPois   .          Reflect  +    x - melded +0 hat
rElec   .          Rampage  .    v - +1 cloak
rCorr   .                        (no gloves)
Will    +....                    i - melded +0 pair of boots of the Eagle {rPois rCorr}
Stlth   +                        h - amulet of reflection
HPRegen 0.33/turn                (no ring)
MPRegen 0.15/turn                (no ring)

@: appendages
A: horns 2, talons 2, breathe power, AC +7, unfitting armour, cold-blooded,
inability to use devices, hated by all
a: Breathe Dispelling Energy, End Transformation, Renounce Religion, Draw Out
Power


You were on level 8 of the Dungeon.
You worshipped Ru.
Ru was most pleased with you.
You had temporarily grown beastly horns and talons.
You visited 1 branch of the dungeon, and saw 8 of its levels.
You also visited: Ossuary.

You collected 479 gold pieces.

Inventory:

Hand Weapons
 w - a +3 quarterstaff of chaos
Armour
 i - the +0 pair of boots of the Eagle (melded) {rPois rCorr}
   (You acquired it on level 5 of the Dungeon)

   rPois:     It protects you from poison.
   rCorr:     It protects you from acid and corrosion.
 v - a +1 cloak (worn)
 x - a +0 hat (melded)
Jewellery
 c - an amulet of the acrobat
 h - an amulet of reflection (around neck)
 p - a ring of protection from cold
 q - a +6 ring of strength
Wands
 n - a wand of flame (16)
 o - a wand of iceblast (13)
 r - a wand of paralysis (8)
 y - a wand of mindburst (11)
Scrolls
 f - a scroll of magic mapping
 k - a scroll of butterflies {unknown}
 l - 7 scrolls of teleportation
 m - a scroll of enchant weapon
 C - a scroll of enchant armour {unknown}
 F - a scroll of identify
Potions
 a - 2 potions of lignification
 b - a potion of attraction
 d - 2 potions of resistance
 e - 3 potions of haste
 g - 3 potions of brilliance
 j - 2 potions of curing {unknown}
 s - a potion of berserk rage {unknown}
 t - a potion of might {unknown}
 u - a potion of cancellation {unknown}
 z - a potion of degeneration {unknown}
 A - a potion of heal wounds
 B - 2 potions of flight {unknown}
 D - 2 potions of ambrosia {unknown}
 E - a potion of mutation {unknown}


   Skills:
 + Level 6.9 Fighting
 - Level 1.7 Dodging
 + Level 8.8 Unarmed Combat
 - Level 5.0 Spellcasting
 + Level 6.7 Transmutations
 - Level 4.0 Ice Magic
   Level 0.0 Evocations


You had 13 spell levels left.
You knew the following spells:

 Your Spells              Type           Power      Damage    Failure   Level
a - Beastly Appendage     Tmut           46%        N/A       1%          1
b - Ice Form              Ice/Tmut       19%        N/A       19%         4

Your spell library contained the following spells:

 Spells                   Type           Power      Damage    Failure   Level
 Wereblood                Tmut           23%        N/A       1%          2
 Freeze                   Ice            60%        1d7       3%          1
 Frozen Ramparts          Ice            30%        1d5       10%         3
 Spider Form              Tmut/Pois      13%        N/A       12%         3
 Hailstorm                Conj/Ice       9%         3d4       22%         3
 Stone Arrow              Conj/Erth      6%         3d7       43%         3
 Vhi's Electric Charge    Tloc/Air       6%         N/A       43%         3
 Arcjolt                  Conj/Air       1%         1d11      99%         5
 Lehudib's Crystal Spear  Conj/Erth      1%         10d2      100%        8
 Maxwell's Capacitive Co  Air            1%         ∞         100%        8
 Animate Armour           Summ/Erth      Unusable   N/A       N/A         4

Dungeon Overview and Level Annotations

Branches:
Dungeon (8/15)             Temple (0/1) D:5         Ossuary (visited)
   Lair: D:8-11

Altars:
Dithmenos
Kikubaaqudgha
Makhleb
Qazlal
Ru
Sif Muna
Uskayaw
Zin


Innate Abilities, Weirdness & Mutations

You have temporarily grown beastly horns and talons.
You can breathe bolts of dispelling energy.
Your rich purple scales are hard. (AC +7)
You cannot fit into any form of body armour.
You are cold-blooded and may be slowed by cold attacks.
You cannot study or use magical devices.
You are hated by all.


Message History

You are too injured to fight recklessly!
You are too injured to fight recklessly!
You are too injured to fight recklessly!
You are too injured to fight recklessly!
You are too injured to fight recklessly!
You are too injured to fight recklessly!
You are too injured to fight recklessly!
You are too injured to fight recklessly!
You are too injured to fight recklessly!
You are too injured to fight recklessly!
You are too injured to fight recklessly!
You are too injured to fight recklessly!
You are too injured to fight recklessly!
You are too injured to fight recklessly!
You hit the wyvern. You headbutt the wyvern. Your punch misses the wyvern.
The wyvern is lightly wounded.
You block the wyvern's attack.
You hit the wyvern but do no damage. Your headbutt misses the wyvern.
Your punch misses the wyvern.
The wyvern is lightly wounded.
You block the wyvern's attack.
You barely miss the wyvern. You claw the wyvern.
You tail-slap the wyvern, but do no damage.
The wyvern is moderately wounded.
You block the wyvern's attack. The wyvern bites you!
* * * LOW HITPOINT WARNING * * *
You hit the wyvern. You tail-slap the wyvern.
The wyvern is heavily wounded.
You block the wyvern's attack.
You hit the wyvern but do no damage. Your kick misses the wyvern.
You tail-slap the wyvern, but do no damage.
The wyvern is heavily wounded.
The wyvern bites you.
* * * LOW HITPOINT WARNING * * *
You closely miss the wyvern. You claw the wyvern. You punch the wyvern.
The wyvern is severely wounded.
The wyvern bites you!
* * * LOW HITPOINT WARNING * * *
The wyvern bites you!
You die...

...................
...................
########+##....####
... #....# ...
#....#
#+###'##....##+###
.................#
.................#
.......l@........#
.........†..(....#
..........)...)..#
....######'#))...#
.... ...#).)..# ...
.....#.....#
'......+.....'..#
#......#.....#..#
#......#.....# <#


You could see a wyvern.

Vanquished Creatures
  Pikel (D:4)
  A hornet (D:8)
  Grinder (D:6)
  Sigmund (D:3)
  Menkaure (D:7)
  A water moccasin (D:7)
  A black bear (D:6)
  3 ogres
  2 centaurs (D:8)
  2 phantoms (D:4)
  2 elf zombies (Ossuary)
  2 kobold brigands
  Blork the orc (D:5)
  A bullfrog (D:6)
  4 scorpions
  A howler monkey (D:8)
  2 jellies
  A human zombie (Ossuary)
  Crazy Yiuf (D:3)
  4 orc priests
  4 hounds
  A sleepcap (D:6)
  3 orc wizards
  3 iguanas
  3 mummies (Ossuary)
  2 hound zombies (Ossuary)
  Robin (D:3)
  4 gnolls (D:6)
  6 adders
  A shadow imp (D:5)
  2 ufetubi
  3 adder zombies (Ossuary)
  3 worms
  5 dart slugs
  22 orcs
  8 ball pythons
  8 bats
  6 endoplasms
  5 giant cockroaches
  2 gnoll zombies (Ossuary)
  16 goblins
  7 hobgoblins
  8 jackals (D:1)
  12 kobolds
  4 quokkas
  4 frilled lizards
  3 goblin zombies (Ossuary)
  2 hobgoblin zombies (Ossuary)
  2 jackal zombies (Ossuary)
  6 kobold zombies (Ossuary)
  5 orc zombies (Ossuary)
  3 quokka zombies (Ossuary)
  6 rats
  4 rat zombies (Ossuary)
207 creatures vanquished.

Vanquished Creatures (others)
  A kobold (D:7)
  2 fungi (D:8)
  16 plants
19 creatures vanquished.

Grand Total: 226 creatures vanquished

Notes
Turn   | Place    | Note
-------+----------+-------------------------------------------
     0 | D:1      | CowFu the Draconian Transmuter began the quest for the Orb.
     0 | D:1      | Reached XP level 1. HP: 16/16 MP: 3/3
   136 | D:1      | Reached XP level 2. HP: 22/23 MP: 5/5
   242 | D:1      | Reached skill level 4 in Unarmed Combat
   409 | D:1      | Reached XP level 3. HP: 28/28 MP: 6/6
  1046 | D:2      | Reached skill level 5 in Unarmed Combat
  1046 | D:2      | Reached XP level 4. HP: 34/35 MP: 7/7
  1365 | D:2      | You fall into a shaft and drop 1 floor!
  1691 | D:3      | Noticed Robin
  1713 | D:3      | Killed Robin
  1978 | D:3      | Found a runed translucent door.
  1979 | D:3      | Noticed Crazy Yiuf
  2064 | D:3      | Noticed Sigmund
  2098 | D:3      | Killed Sigmund
  2099 | D:3      | Reached skill level 6 in Unarmed Combat
  2099 | D:3      | Reached XP level 5. HP: 20/41 MP: 8/8
  2099 | D:3      | Reached XP level 6. HP: 24/48 MP: 9/9
  2804 | D:3      | Found a glowing silver altar of Zin.
  2853 | D:3      | Killed Crazy Yiuf
  3037 | D:4      | Learned a level 4 spell: Ice Form
  3098 | D:4      | Noticed Pikel
  3162 | D:4      | Killed Pikel
  3163 | D:4      | Reached skill level 7 in Unarmed Combat
  3163 | D:4      | Your scales start taking on a rich purple colour.
  3163 | D:4      | Reached XP level 7. HP: 20/60 MP: 10/10
  3471 | D:4      | Reached XP level 8. HP: 62/67 MP: 10/12
  3487 | D:4      | Found a stormy altar of Qazlal.
  3527 | D:4      | Reached skill level 1 in Evocations
  3610 | D:4      | Found a shimmering blue altar of Sif Muna.
  3757 | D:5      | Entered Level 5 of the Dungeon
  3758 | D:5      | Found a staircase to the Ecumenical Temple.
  3759 | D:5      | Found a sacrificial altar of Ru.
  3767 | D:5      | Became a worshipper of Ru the Awakened
  3780 | D:5      | Reached skill level 1 in Ice Magic
  3833 | D:5      | Reached skill level 5 in Fighting
  3849 | D:5      | Found a sand-covered staircase.
  3854 | Ossuary  | Entered an ossuary
  3964 | Ossuary  | Reached skill level 5 in Transmutations
  4231 | D:5      | Identified a scroll of acquirement
  4231 | D:5      | Acquired the +0 pair of boots of the Eagle {rPois rCorr}
  4468 | D:5      | Gained mutation: You are hated by all. [Ru sacrifice]
  4468 | D:5      | Reached * piety under Ru
  4507 | D:5      | Found an ancient bone altar of Kikubaaqudgha.
  4507 | D:5      | Found a shadowy altar of Dithmenos.
  4510 | D:5      | Found a burning altar of Makhleb.
  4737 | D:5      | Noticed Blork the orc
  4745 | D:5      | Killed Blork the orc
  5076 | D:6      | Reached skill level 8 in Unarmed Combat
  5193 | D:6      | Reached XP level 9. HP: 62/75 MP: 15/15
  5419 | D:6      | Noticed Grinder
  5433 | D:6      | Killed Grinder
  6264 | D:7      | Found a hide-covered altar of Uskayaw.
  6670 | D:7      | Noticed Menkaure
  6678 | D:7      | Killed Menkaure
  6808 | D:7      | Reached skill level 5 in Spellcasting
  7291 | D:7      | Gained mutation: You cannot study or use magical devices.
                  | [Ru sacrifice]
  7291 | D:7      | Reached ** piety under Ru
  7291 | D:7      | Reached *** piety under Ru
  7442 | D:8      | HP: 1/78 [wyvern (11)]
  7442 | D:8      | Mangled by a wyvern

Illustrated notes

Levels and vault maps discovered:
D:1:      eino_arrival_water_cross, layout_basic, serial_forest,
          infiniplex_forest_clump_small, infiniplex_forest_end_2,
          infiniplex_forest_end_2, infiniplex_forest_straight_2,
          infiniplex_forest_lined_room_2, infiniplex_forest_straight_5,
          infiniplex_forest_clump_long, infiniplex_forest_clump_small
D:2:      minmay_chambers_of_twos, layout_loops_cross,
          minmay_misc_feat_nine_boxes, amcnicky_mini_pool_small,
          minmay_fountain_box
D:3:      layout_loops_corners, zin_statuary, serial_park_tiny_2, uniq_sigmund,
          uniq_crazy_yiuf_cottage, uniq_robin
D:4:      layout_rooms, mainiacjoe_overflow_alcove_1,
          nicolae_sif_muna_little_library, uniq_pikel
D:5:      layout_loops_cross, nicolae_ru_sacrificial_ziggurat,
          gammafunk_temple_overflow_forgotten, minmay_temple_entry_glass,
          enter_ossuary_2, nicolae_concentric_dashed_squares_wild,
          uniq_blork_the_orc
D:6:      layout_layer_cave, uniq_grinder
D:7:      layout_loops_corners, eat_drink_and_be_merry_uskayaw, uniq_menkaure
D:8:      layout_gridville, nicolae_wu_jian_wuxing_cycle,
          minmay_lair_entry_grove

Skill      XL: |  1  2  3  4  5  6  7  8  9 |
---------------+----------------------------+-----
Unarmed Combat | 4 5 6 7 8 |  8.8
Fighting       | 2 4 5 6 |  6.9
Transmutations | 4 5 6 |  6.7
Evocations     | 2 0 |  0.0
Ice Magic      | 2 4 |  4.0
Spellcasting   | 4 5 |  5.0
Dodging        | |  1.7

Action                     |  1- 3 |  4- 6 |  7- 9 || total
---------------------------+-------+-------+-------++-------
  Melee: Unarmed           |   160 |   169 |   359 ||   688
         Tailslap          |    14 |    21 |    56 ||    91
         Punch             |     3 |     3 |     7 ||    13
         Headbutt          |       |     8 |    57 ||    65
         Kick              |       |    24 |   109 ||   133
   Cast: Beastly Appendage |       |    11 |    51 ||    62
 Invoke: Sacrifice Love    |       |       |     1 ||     1
         Sacrifice Artific |       |       |     1 ||     1
Ability: Breathe Dispellin |       |       |     1 ||     1
    Use: Scroll            |       |     5 |    10 ||    15
         Potion            |       |     1 |     1 ||     2
   Stab: Sleeping          |     1 |       |     1 ||     2
 Armour: Skin              |    56 |    41 |    83 ||   180
  Dodge: Dodged            |   106 |    80 |   154 ||   340
  Block: Other             |       |    38 |    71 ||   109
         Reflection        |       |       |     3 ||     3

Table legend: (Time is in decaauts)
 A = Elapsed time spent in this place.
 B = Non-inter-level travel time spent in this place.
 C = Inter-level travel time spent in this place.
 D = Time resting spent in this place.
 E = Time spent auto-exploring this place.
 F = Levels seen in this place.
 G = Mean time per level.
                   A        B        C        D        E       F      G
               +--------+--------+--------+--------+--------+-----+--------+
         Total |   7360 |   7133 |    227 |      0 |   5634 |   9 |  817.8 |
       Dungeon |   7000 |   6773 |    227 |      0 |   5422 |   8 |  875.0 |
       Ossuary |    360 |    360 |      0 |      0 |    212 |   1 |  360.0 |
               +--------+--------+--------+--------+--------+-----+--------+

Top non-repeatable levels by time:
     D:6: 1341 daAuts
     D:3: 1078 daAuts
     D:7: 1068 daAuts
     D:2: 957 daAuts
     D:1: 881 daAuts
     D:4: 803 daAuts
     D:5: 757 daAuts
 Ossuary: 360 daAuts
     D:8: 111 daAuts
